Description

This build order is really powerful and hard to stop before GM league. The goal is to open with a Gate expand into Stargate. The first oracle is here for scouting then you play with Colossus / Void ray (with gate units), this composition is strong because you can kill medivacs really fast and you force a viking reaction. After 3 colossi, you can switch to High templars / Zealot charge.

Notes : - You can open with only 2 stalkers if you feel totally safe - Never lose your oracle, don't take any risks. The oracle is really useful to beat the first push - Vikings, medivacs and liberators are armored: They take bonus damage from void rays - Don't forget to put your void ray close to the potential drop position, if you counter the terran drop, you will simply win the game !

VOD

https://youtu.be/PFfRpKyd92s

Replay - iTstaticX v zuka - Cerulean Fall LE

Build Order

Get SALT Encoding   

  12  0:01  Probe  
  13  0:13  Probe  
  14  0:18  Pylon  
  14  0:22  Probe  
  15  0:32  Probe  
  15  0:39  Gateway  
  15  0:42  Probe  
  16  0:48  Assimilator  
  17  0:53  Probe  
  18  1:01  Probe  
  18  1:09  Probe  
  20  1:27  Nexus  
  20  1:39  Cybernetics Core  
  20  1:42  Probe  
  21  1:47  Assimilator  
  21  1:54  Probe  
  22  1:57  Pylon  
  22  2:06  Stalker  
  23  2:16  Warp Gate  
  26  2:36  Stalker  
  29  2:44  Stargate  
  33  3:00  Pylon  
  33  3:11  Stalker  
  37  3:18  Oracle  
  38  3:22  Shield Battery  
  43  3:41  Gateway x2  
  44  3:55  Robotics Facility  
  46  3:57  Void Ray  
  46  4:05  Pylon  
  51  4:19  Assimilator  
  52  4:48  Robotics Bay  
  53  5:00  Assimilator  
  53  5:02  Observer  
  53  5:03  Shield Battery  
  57  5:15  Nexus  
  59  5:33  Pylon  
  59  5:35  Extended Thermal Lance  
  60  5:40  Immortal  
  66  5:57  Void Ray  
  66  5:59  Zealot x2  
  66  6:02  Colossus  
  78  6:22  Observer  
  86  6:34  Forge x2  
  88  6:40  Void Ray  
  88  6:45  Stalker x2  
  96  6:54  Colossus  
  97  7:11  Stalker x3  
  97  7:12  Protoss Ground Weapons Level 1  
  101  7:36  Gateway x3  
  104  7:38  Assimilator x2  
  107  7:56  Colossus  
  113  8:09  Void Ray  
  104  8:31  Forge  
  107  8:35  Twilight Council  
  107  8:48  Forge, Void Ray  
  110  8:55  Protoss Ground Weapons Level 2  
  110  8:56  Shield Battery x2  
  110  8:57  Protoss Ground Armor Level 1  
  110  9:01  Observer  
  116  9:05  Stalker x2  
  122  9:16  Immortal  
  122  9:18  Charge  
  122  9:24  Zealot x3  
  132  9:33  Templar Archives  
  126  9:48  Void Ray  
Spawning Tool Build Advisor. Get it on Overwolf

Go to:

Details

  • Created by: zuka      
  • Published on: Oct 11, 2018
  • Patch: 4.0.0
Show
View Real Time Build Order
Export as new Build Order

Comments (1)

On Dec. 30, 2018, 3:04 a.m., jesterfuj  said:

thanks!

Create an account to comment!